 Dungeon Crawl Stone Soup version 0.18-a0-917-g8a3da5b (webtiles) character file.

709 st0uf the Shield-Bearer (level 8, -8/62 HPs)
             Began as a Formicid Fighter on Dec 26, 2015.
             Killed from afar by a white imp (14 damage)
             ... with a puff of frost
             ... summoned by Eustachio
             ... on level 5 of the Dungeon.
             The game lasted 00:22:36 (5249 turns).

st0uf the Shield-Bearer (Formicid Fighter)          Turns: 5249, Time: 00:22:36

Health: -8/62      AC:  8    Str: 24    XL:     8   Next: 0%
Magic:  8/8        EV:  9    Int:  7    God:
Gold:   238        SH: 10    Dex: 10    Spells: 0 memorised, 7 levels left

rFire  . . .     SeeInvis +     y - +1 falchion (slice)
rCold  . . .     Gourm    .     E - +0 ring mail
rNeg   . . .     Faith    .     c - +0 shield
rPois  .         Spirit   .     (helmet unavailable)
rElec  .         Dismiss  .     v - +0 cloak
rCorr  .         Reflect  .     (no gloves)
SustAt .         Harm     .     n - +0 pair of boots
MR     .....                    (no amulet)
Stlth  +.........               (no ring)
                                (no ring)

@: not resistant to hostile enchantments, very unstealthy
A: permanent stasis, dig shafts and tunnels, four strong arms, antennae 3
a: Dig, Shaft Self


You were on level 5 of the Dungeon.
You were not hungry.

You visited 2 branches of the dungeon, and saw 6 of its levels.
You also visited: Sewer.

You collected 238 gold pieces.

Inventory:

Hand Weapons
 y - a +1 falchion of slicing (weapon)
Armour
 c - a +0 shield (worn)
 n - a +0 pair of boots (worn)
 v - a +0 cloak (worn)
 E - a +0 ring mail (worn)
Jewellery
 w - an uncursed ring of wizardry
 x - an uncursed ring of fire {unknown}
Wands
 z - a wand of slowing (26/48)
Scrolls
 a - a scroll of random uselessness {unknown}
 g - 2 scrolls of magic mapping {unknown}
 i - a scroll of recharging {unknown}
 l - 3 scrolls of remove curse {unknown}
 p - 2 scrolls of identify {unknown}
 A - a scroll of enchant weapon {unknown}
 D - 2 scrolls of enchant armour {unknown}
 F - a scroll of amnesia {unknown}
Potions
 d - a potion of might
 e - a potion of heal wounds {unknown}
 j - 3 potions of flight {unknown}
 m - a potion of cure mutation {unknown}
 q - a potion of brilliance {unknown}
 s - a potion of magic {unknown}
 t - 5 potions of curing {unknown}
 u - 2 potions of degeneration {unknown}
 C - a potion of mutation {unknown}
Comestibles
 b - a chunk of flesh
 f - 4 bread rations
 h - 2 meat rations
 k - 2 beef jerkies
 o - 18 fruits
 r - a royal jelly
 B - 2 slices of pizza


   Skills:
 + Level 5.0 Fighting
 + Level 4.3 Long Blades
 + Level 5.6 Armour
 + Level 1.6 Stealth
 + Level 6.3 Shields


You had 7 spell levels left.
You didn't know any spells.

Dungeon Overview and Level Annotations

Branches:
Dungeon (5/15)             Temple (1/1) D:4

Altars:
Cheibriados
Dithmenos
Elyvilon
Fedhas
Gozag
Kikubaaqudgha
Nemelex Xobeh
Okawaru
Qazlal
Ru
Sif Muna
Trog
Vehumet
Xom

Shops:
D:5 *

Annotations:
D:5 Eustachio


Innate Abilities, Weirdness & Mutations

You are under a permanent stasis effect.
You can dig through walls and to a lower floor.
Your four strong arms can wield two-handed weapons with a shield.
You have a pair of large antennae on your head (SInv).


Message History

You block the puff of frost. The bat hits you but does no damage.
Your shield prevents you from hitting the white imp.
The white imp is almost dead.
You block the bat's attack.
The white imp hits you but does no damage.
Your shield and ring mail prevent you from hitting the white imp.
The white imp is almost dead.
You block the bat's attack. The bat hits you but does no damage.
The white imp hits you but does no damage.
The bat hits you.
* * * LOW HITPOINT WARNING * * *
You barely miss the white imp.
The white imp is almost dead.
The ufetubus disappears in a puff of smoke!
The bat hits you.
* * * LOW HITPOINT WARNING * * *
The bat barely misses you. The white imp gestures at you.
The puff of frost hits you!
You die...

#..#...# # .!#
#..#.### ..# #..#.#
.5# #..#.###### #.#
#...........
.ยง......#..#######
#b##### #..# #b#
#..# #@# #..# #5#
#(.# #r# ###..##
#@# #<....###
#r#####........#
#...........###.#
#######.....#
......# .........


You could see Eustachio, a crimson imp, a white imp, 2 bats and 2 rats.

Vanquished Creatures
  A sky beast (D:5)
  Blork the orc (D:4)
  A scorpion (D:4)
  A crimson imp (D:4)
  A hound (D:5)
  A centaur skeleton (D:5)
  2 orc priests
  2 worker ants
  An orc wizard (D:4)
  10 adders
  14 oozes (Sewer)
  2 worms
  3 giant geckos
  11 orcs
  11 bats
  5 hobgoblins
  3 jackals (D:2)
  A quokka (D:4)
  12 ball pythons
  8 giant cockroaches
  A giant gecko skeleton (D:5)
  14 giant newts
  3 goblins
  A jackal skeleton (D:4)
  7 kobolds
  6 rats
123 creatures vanquished.

Notes
Turn   | Place    | Note
--------------------------------------------------------------
     0 | D:1      | st0uf the Formicid Fighter began the quest for the Orb.
     0 | D:1      | Reached XP level 1. HP: 18/18 MP: 1/1
   873 | D:1      | Reached XP level 2. HP: 24/24 MP: 2/2
  1115 | D:2      | Reached skill level 4 in Fighting
  1115 | D:2      | Reached XP level 3. HP: 22/30 MP: 3/3
  2285 | D:3      | Reached XP level 4. HP: 37/37 MP: 4/4
  2487 | D:3      | Found a glowing drain.
  2491 | D:3      | Reached XP level 5. HP: 42/42 MP: 5/5
  2502 | Sewer    | Entered a sewer
  2854 | Sewer    | Reached skill level 5 in Shields
  2929 | Sewer    | Reached XP level 6. HP: 49/49 MP: 6/6
  3674 | D:4      | Found a staircase to the Ecumenical Temple.
  3679 | Temple   | Entered the Ecumenical Temple
  4234 | D:4      | Reached skill level 1 in Stealth
  4238 | D:4      | Reached XP level 7. HP: 53/55 MP: 7/7
  4396 | D:4      | Noticed Blork the orc
  4414 | D:4      | Killed Blork the orc
  4414 | D:4      | Reached skill level 5 in Armour
  4848 | D:5      | Entered Level 5 of the Dungeon
  4848 | D:5      | Found Roodugowk's Retail Resort.
  4871 | D:5      | Reached skill level 5 in Fighting
  4871 | D:5      | Reached skill level 6 in Shields
  5196 | D:5      | Noticed Eustachio
  5208 | D:5      | Reached XP level 8. HP: 58/62 MP: 8/8
  5249 | D:5      | Killed from afar by a white imp

Vault maps used:
D:1:      dpeg_arrival_simpleton_c
D:3:      first_bread, portal_sewer_entry_d
D:4:      minmay_temple_entry_trees, fountainhead, minmay_ruptured,
          uniq_blork_the_orc
D:5:      tso_metal_star, nicolae_alphabet_shops, uniq_eustachio
Temple:   water_room_temple_a_12
Sewer:    sewer_frog_island_02

Action                   |  1- 3 |  4- 6 |  7- 9 || total
-------------------------+-------+-------+-------++-------
Melee: Long sword        |   148 |    36 |       ||   184
       Falchion          |       |   224 |   137 ||   361
  Eat: Chunk             |     4 |     7 |     4 ||    15
